[Event "2017MOK"]
[Site "Calgary"]
[Date "2017.??.??"]
[Round "1.9"]
[White "Harris, Adam"]
[Black "Qin, Kevin"]
[Result "1-0"]
[WhiteElo "1868"]
[BlackElo "1158"]
[PlyCount "76"]
[EventDate "2017.??.??"]
[SourceDate "2017.09.01"]
[TimeControl "90+30"]

1. Nf3 Nc6 2. c4 Nf6 3. Nc3 e6 4. d3 Bb4 5. e4 d6 6. Be2 Bxc3+ 7. bxc3 O-O 8.
O-O h6 9. Rb1 b6 10. Qc2 e5 (10... Bb7 11. d4) 11. d4 exd4 12. cxd4 Bg4 13. Be3
Bxf3 14. Bxf3 Re8 15. e5 dxe5 16. Bxc6 (16. dxe5) 16... exd4 17. Bxe8 Nxe8 18.
Rbd1 c5 19. Rd3 Qc7 (19... Qd7) 20. Bc1 Nf6 21. Rg3 Nh5 22. Rf3 Re8 23. Bd2 Nf6
24. Rxf6 gxf6 25. Qf5 Qe5 26. Qg4+ Kh7 27. Qh4 h5 28. h3 Qf5 29. Re1 Rxe1+ 30.
Bxe1 Qg5 31. Qxg5 fxg5 32. Bd2 f6 33. a4 Kg6 34. Kf1 Kf5 35. Ke2 Ke4 36. f3+
Ke5 37. Kd3 f5 (37... Kf5 38. g4+) 38. g4 fxg4 1-0

[Event "2017MOK"]
[Site "Calgary"]
[Date "2017.??.??"]
[Round "4.8"]
[White "Papneja, Arul"]
[Black "Samy, Mikesh"]
[Result "1-0"]
[WhiteElo "1637"]
[BlackElo "1068"]
[PlyCount "70"]
[EventDate "2017.??.??"]
[SourceDate "2017.09.01"]
[TimeControl "90+30"]

1. e4 c5 2. Nf3 d6 3. d4 cxd4 4. Nxd4 Nf6 5. Nc3 g6 6. Be3 Bg7 7. f3 O-O 8. Qd2
Bd7 9. O-O-O Nc6 10. g4 Rb8 11. h4 Nxd4 12. Bxd4 a5 13. h5 b5 14. h6 Bh8 15. g5
e5 16. Bxe5 dxe5 17. gxf6 Qxf6 18. Qxd7 Rfd8 19. Qg4 Rxd1+ 20. Nxd1 b4 21. Ne3
Qd8 22. Nd5 a4 23. Bc4 Rc8 (23... b3 24. axb3) 24. b3 axb3 25. cxb3 Ra8 26. Rd1
Kf8 27. Kb1 Qa5 28. Qg2 Bg7 29. hxg7+ Kxg7 30. Rd2 Qc5 (30... Qxd5) 31. Qg5 Ra3
32. Qf6+ Kf8 33. Qd8+ Kg7 34. Qf6+ Kf8 35. Ne3 Qxe3 1-0

[Event "2017MOK"]
[Site "Calgary"]
[Date "2017.??.??"]
[Round "3.6"]
[White "Dave, Bhavik"]
[Black "Sharma, Vishruth"]
[Result "1-0"]
[WhiteElo "1834"]
[BlackElo "1608"]
[PlyCount "63"]
[EventDate "2017.??.??"]
[SourceDate "2017.09.01"]
[TimeControl "30+30"]

1. d4 Nf6 2. c4 g6 3. Nc3 Bg7 4. e4 d6 5. f4 O-O 6. Nf3 c5 7. d5 a6 8. Be2 e6
9. O-O exd5 10. exd5 Re8 11. Bd3 Nbd7 12. f5 Nf8 13. Qc2 Bd7 14. Bf4 Qc7 15. a4
Rab8 16. fxg6 hxg6 17. Ng5 Nh5 18. Nxf7 Nxf4 (18... Kxf7) 19. Rxf4 Re7 20. Bxg6
Be8 21. Raf1 b6 22. Bh5 Rb7 23. Nh6+ Bxh6 24. Rxf8+ Bxf8 25. Bxe8 Rxe8 26. Qg6+
Qg7 27. Qxe8 Re7 28. Qh5 Qd4+ 29. Kh1 Qxc4 30. Qg6+ Bg7 31. Qf5 Re8 32. Qf7+
1-0

[Event "2017MOK"]
[Site "Calgary"]
[Date "2017.??.??"]
[Round "3.6"]
[White "Dave, Bhavik"]
[Black "Sharma, Vishruth"]
[Result "1-0"]
[WhiteElo "1834"]
[BlackElo "1608"]
[PlyCount "37"]
[EventDate "2017.??.??"]
[SourceDate "2017.09.01"]
[TimeControl "90+30"]

1. d4 Nf6 2. c4 g6 3. Nc3 (3. Nf3 Bg7 4. e4 d6) 3... Bg7 4. e4 d6 5. f4 O-O 6.
Nf3 c5 (6... a5 7. d5 c6 8. Be2 e6 9. O-O exd5 10. cxd5 Re8 11. Bd3 Nbd7 12. f5
Nf8 13. Qc2 Bd7 14. Bf4 Qc7) 7. d5 a6 (7... e6 8. Be2) 8. Be2 e6 9. O-O exd5
10. exd5 Re8 11. Bd3 Nbd7 12. f5 Nf8 13. Bf4 Qc7 14. a4 Rb8 15. fxg6 hxg6 16.
Ng5 Nh5 17. Nxf7 Nxf4 18. Rxf4 Re7 19. Bxg6 1-0

[Event "2017MOK"]
[Site "Calgary"]
[Date "2017.??.??"]
[Round "4.7"]
[White "Zhao, Ian"]
[Black "Sklenka, Steve"]
[Result "1-0"]
[WhiteElo "1859"]
[BlackElo "1637"]
[PlyCount "79"]
[EventDate "2017.??.??"]
[SourceDate "2017.09.01"]
[TimeControl "90+30"]

1. e4 e5 2. Nf3 Nf6 3. Nxe5 d6 4. Nf3 Nxe4 5. d4 d5 6. Bd3 Be7 7. O-O O-O 8.
Re1 Bf5 9. c3 Re8 10. Qc2 Bd6 11. Be3 Bg6 12. Nbd2 Nxd2 13. Bxd2 Bxd3 14. Qxd3
f6 15. Qb5 Rxe1+ 16. Rxe1 Kf8 17. Qxb7 Nd7 18. Qxd5 Rb8 19. b3 Nb6 20. Qf5 (20.
Qg5) 20... Kg8 21. c4 Bf8 22. d5 Bc5 23. Bc3 Nd7 24. Kf1 Nf8 25. Qe4 Ng6 26.
Nd4 Bxd4 27. Bxd4 a6 28. f4 Qd6 29. g3 Rd8 30. Qe3 f5 31. Bc5 Qd7 32. Qe6+ Qxe6
33. Rxe6 a5 34. Ke2 Kf7 35. Kd2 h5 36. h4 Nf8 37. Bxf8 Kxf8 38. Ra6 (38. Rg6 a4
) 38... a4 39. Rxa4 c6 40. Ra5 1-0

[Event "2017MOK"]
[Site "Calgary"]
[Date "2017.??.??"]
[Round "2.9"]
[White "Khoshooei, Milad"]
[Black "Sklenka, Steve"]
[Result "0-1"]
[WhiteElo "1304"]
[BlackElo "1637"]
[PlyCount "58"]
[EventDate "2017.??.??"]
[SourceDate "2017.09.01"]
[TimeControl "90+30"]

1. e4 e5 (1... c5 2. Nf3 Nf6 3. Nc3 Nc6 4. Bc4 Nxe4 5. Nxe4 d5 6. Bxd5 Qxd5 7.
d3 Bf5 8. O-O O-O-O 9. h3) 2. Nf3 Nf6 3. Nc3 Nc6 4. Bc4 Nxe4 5. Nxe4 d5 6. Bxd5
Qxd5 7. d3 Bc5 8. O-O O-O 9. h3 Bb6 10. Nfg5 f6 11. Nc3 Qd8 12. Nge4 a6 13. Be3
Nd4 14. Ne2 f5 15. Bxd4 exd4 16. Nd2 c5 17. f4 Qd5 18. Ng3 Bd7 19. Qh5 Be8 20.
Qe2 Bc6 21. Rf2 Rae8 22. Qh5 Re3 23. Kh2 Bc7 24. Nc4 Re6 25. Qf3 Qd8 26. Qd1
Qd5 27. Qf3 Qd8 28. Qd1 Qh4 29. Qh5 Qf6 0-1

[Event "2017MOK"]
[Site "Calgary"]
[Date "2017.??.??"]
[Round "3.7"]
[White "Wang, Paul"]
[Black "Timmerman, Brian"]
[Result "0-1"]
[WhiteElo "1296"]
[BlackElo "1754"]
[PlyCount "50"]
[EventDate "2017.??.??"]
[SourceDate "2017.09.01"]
[TimeControl "90+30"]

1. e4 c5 2. Nf3 e6 3. Nc3 Nc6 4. d4 cxd4 5. Nxd4 Qc7 6. Be3 a6 7. Be2 b5 8. Qd2
Bb7 9. O-O Nf6 10. Nxc6 Bxc6 11. Bf4 d6 12. f3 Be7 13. Rad1 Rd8 14. a3 O-O 15.
Qe3 Nd7 16. Rd2 Ne5 17. Rfd1 Bb7 18. Bg5 h6 19. f4 Nc4 20. Bxc4 Qxc4 21. f5 e5
22. Qd3 Rc8 23. Nd5 Bxd5 24. Qxd5 Qxd5 25. exd5 Bxg5 0-1

[Event "2017MOk"]
[Site "Calgary"]
[Date "2017.??.??"]
[Round "4.9"]
[White "Darvekar, Yash"]
[Black "Wang, Paul"]
[Result "1-0"]
[WhiteElo "1153"]
[BlackElo "1246"]
[PlyCount "125"]
[EventDate "2017.??.??"]
[SourceDate "2017.09.01"]
[TimeControl "90+30"]

1. e4 e5 2. Nf3 Nc6 3. Bb5 a6 4. Bxc6 dxc6 5. O-O Bd6 6. d4 exd4 7. Nxd4 Nf6 8.
e5 c5 9. Nf3 Bg4 10. exd6 cxd6 11. h3 Bh5 12. Bg5 h6 13. Bh4 g5 14. Bg3 g4 15.
Re1+ Kf8 16. Bxd6+ Kg7 17. hxg4 Bxg4 18. Re3 Rc8 (18... Rb8) 19. Nc3 Qb6 20.
Ne4 Rcd8 21. Rb3 Qc6 22. Ne5 Qxe4 23. f3 Qd4+ 24. Qxd4 cxd4 25. Be7 Be6 26.
Bxd8 Bxb3 27. Bxf6+ Kxf6 28. Ng4+ Kg5 29. axb3 Rc8 30. Ra5+ Kg6 31. Ne5+ Kg7
32. Rd5 Rxc2 33. Rxd4 Rxb2 34. b4 b5 35. Nd3 Rd2 36. Rg4+ Kf6 37. Nc5 Ra2 38.
Rf4+ Kg5 39. Rxf7 Kh4 40. Ra7 Kg3 41. Rxa6 Rb2 42. Ne4+ Kf4 43. Rxh6 Rxb4 44.
Nc3 Rb3 45. Rh4+ Kg5 46. Rg4+ Kf5 47. Ne2 Rb1+ 48. Kf2 b4 49. Nd4+ Kf6 50. Ke2
Rc1 51. Nb3 Rc2+ 52. Kf1 Rb2 53. Rxb4 Kf5 54. Nd4+ Kf4 55. Rxb2 Kg3 56. Rb6 Kf4
57. g4 Kg5 58. f4+ Kxg4 59. f5 Kf4 60. f6 Kg4 61. f7 Kh5 62. f8=Q Kg4 63. Rg6+
1-0

[Event "217MOK"]
[Site "Calgary"]
[Date "2017.??.??"]
[Round "5.3"]
[White "Kobalenko, Jerry"]
[Black "Zhao, Ian"]
[Result "1-0"]
[WhiteElo "2211"]
[BlackElo "1859"]
[PlyCount "65"]
[EventDate "2017.??.??"]
[SourceDate "2017.09.01"]
[TimeControl "90"]

1. Nf3 Nf6 2. g3 g6 3. Bg2 Bg7 4. c4 O-O 5. O-O d6 6. d4 c5 7. Nc3 Bg4 8. h3
Bxf3 9. Bxf3 Qb6 10. dxc5 dxc5 11. Be3 Nbd7 12. b3 Rfd8 13. Qc2 Rac8 14. Rad1
e6 15. Bg2 a6 16. g4 Qc7 17. f4 b6 18. f5 gxf5 19. gxf5 e5 20. Bg5 Re8 21. Nd5
Nxd5 22. Bxd5 Nf6 23. e4 b5 24. Qg2 Kh8 25. Kh1 h6 26. Bh4 Rg8 27. Rg1 Kh7 28.
Qf3 Rcf8 29. Rxg7+ Kxg7 30. Rg1+ Kh7 31. Bxf6 Rxg1+ 32. Kxg1 Rg8+ 33. Kh2 1-0

[Event "2017MOK"]
[Site "Calgary"]
[Date "2017.??.??"]
[Round "3.4"]
[White "Ebrahim-Shirazi, Behrooz"]
[Black "Zhao, Ian"]
[Result "1-0"]
[WhiteElo "2081"]
[BlackElo "1859"]
[PlyCount "140"]
[EventDate "2017.??.??"]
[SourceDate "2017.09.01"]
[TimeControl "90+30"]

1. d4 Nf6 2. c4 g6 3. Nc3 Bg7 4. e4 d6 5. Be2 O-O 6. Bg5 h6 7. Be3 a6 8. Qd2
Kh7 9. h4 Ng4 10. Bxg4 Bxg4 11. h5 g5 12. f3 Bd7 13. Nge2 Nc6 14. O-O e5 15. d5
Ne7 16. g4 Qe8 17. Ng3 b5 18. c5 dxc5 19. Bxc5 Nc8 20. Rac1 Nd6 21. b3 Bf6 22.
Nd1 Be7 23. Qc3 f6 24. Bb4 Rc8 25. Ne3 Rf7 26. Rfd1 Qf8 27. a3 Kh8 28. Qd2 Kh7
29. Rc2 Nb7 30. Rdc1 Bxb4 31. Qxb4 Qd8 32. Ngf5 Be8 33. Kg2 Bd7 34. a4 a5 35.
Qa3 b4 36. Qb2 Be8 37. Rd2 Nd6 38. Rc5 Nb7 39. Rcc2 Nd6 40. Qc1 Bd7 41. Nxd6
cxd6 42. Rxc8 Bxc8 43. Rc2 Ba6 44. Nf5 Rd7 45. Kg3 Bb7 46. Qg1 Ba8 47. Qf1 Bb7
48. Qb5 Bc8 49. Qb8 Ba6 50. Qxd8 Rxd8 51. Rc7+ Kh8 52. Kf2 Bc8 53. Nxd6 Rxd6
54. Rxc8+ Kg7 55. Rc5 Ra6 56. Ke2 Kf7 57. Kd3 Ke7 58. Kc4 Kd7 59. Kb5 Ra7 60.
Rc6 Ke7 61. Kb6 Ra8 62. Kb7 Rd8 63. Rc5 Kd6 64. Rc6+ Ke7 65. Re6+ Kf7 66. Kc7
Rg8 67. Rb6 Ke7 68. Rb8 Rg6 69. Rh8 Kf7 70. d6 Ke6 1-0